 Dungeon Crawl Stone Soup version 0.30-a0-722-g3e6e8c874d (webtiles) character file.

Game seed: 242760177430464805

463 warriortoast the Trooper (level 7, -3/60 HPs)
             Began as a Barachi Fighter on Jan 27, 2023.
             Slain by Dowan
             ... wielding a +0 dagger
              (5 damage)
             ... on level 4 of the Dungeon.
             The game lasted 00:08:59 (3569 turns).

warriortoast the Trooper (Barachi Fighter)          Turns: 3569, Time: 00:09:00

Health: -3/60      AC:  8    Str: 19    XL:     7   Next: 7%
Magic:  7/7        EV:  9    Int:  9    God:
Gold:   141        SH:  0    Dex: 11    Spells: 6/6 levels left

rFire   . . .      SeeInvis .    d - +1 triple sword (heavy)
rCold   . . .      Faith    .    (shield currently unavailable)
rNeg    . . .      Spirit   .    b - +0 scale mail
rPois   .          Reflect  .    (no helmet)
rElec   .          Harm     .    n - +0 cloak
rCorr   .          Rampage  .    (no gloves)
Will    .....                    (no boots) Stlth
                                 (no amulet)
HPRegen 0.30/turn                (no ring)
MPRegen 0.10/turn                (no ring)

@: lit by a corona, glowing, slow
A: amphibious, slowness 1, strong legs 1, +LOS
a: Hop


You were on level 4 of the Dungeon.
You visited 1 branch of the dungeon, and saw 4 of its levels.
You also visited: Sewer.

You collected 141 gold pieces.

Inventory:

Hand Weapons
 a - a +0 war axe
 d - a +1 heavy triple sword (weapon)
Missiles
 f - 25 poisoned darts
Armour
 b - a +0 scale mail (worn)
 c - a +0 buckler
 n - a +0 cloak (worn)
 p - a +0 chain mail
Jewellery
 j - a +6 ring of intelligence
 t - an amulet of faith
Wands
 m - a wand of flame (35)
Scrolls
 g - a scroll of teleportation
 h - 4 scrolls of identify
 l - a scroll of silence
 r - 3 scrolls of noise {unknown}
 s - a scroll of fear {unknown}
Potions
 e - 2 potions of mutation
 i - 2 potions of invisibility {unknown}
 k - a potion of cancellation {unknown}
 o - a potion of brilliance {unknown}
 q - 2 potions of might
 u - a potion of heal wounds {unknown}


   Skills:
 + Level 7.0 Fighting
 + Level 0.0 Long Blades
 - Level 5.9 Axes
 - Level 3.6 Armour
 - Level 3.2 Shields


You had 6 spell levels left.
You didn't know any spells.
Your spell library was empty.

Dungeon Overview and Level Annotations

Branches:
Dungeon (4/15)              Sewer (visited)
 Temple: D:4-7

Altars:
Kikubaaqudgha
Zin

Annotations:
D:4 Dowan, Duvessa


Innate Abilities, Weirdness & Mutations

You are amphibious.
You cover ground slowly.
You can hop short distances.
You have an extended range of vision and can be seen from far away.


Message History

Duvessa hits you with a +0 vampiric short sword. x2
Dowan zaps a wand.
The puff of flame misses you. Duvessa closely misses you.
Dowan zaps a wand.
The puff of flame misses you.
Duvessa hits you with a +0 vampiric short sword.
Dowan casts a spell at you.
You are outlined in light.
You completely miss Dowan.
Dowan is lightly wounded.
Duvessa closely misses you. Duvessa hits you but does no damage.
Dowan closely misses you.
Duvessa hits you with a +0 vampiric short sword!
Dowan zaps a wand.
The puff of flame hits you but does no damage.
Duvessa closely misses you. Dowan casts a spell at you.
The puff of flame hits you but does no damage.
You are too injured to fight recklessly!
You are too injured to fight recklessly!
You are too injured to fight recklessly!
You are too injured to fight recklessly!
You slash Duvessa!
Duvessa is moderately wounded.
Duvessa hits you with a +0 vampiric short sword!
Duvessa barely misses you. Dowan casts a spell at you.
The puff of flame hits you.
* * * LOW HITPOINT WARNING * * *
Duvessa hits you but does no damage. Dowan hits you with a +0 dagger.
* * * LOW HITPOINT WARNING * * *
Duvessa hits you with a +0 vampiric short sword.
* * * LOW HITPOINT WARNING * * *
You slice Duvessa!!
Duvessa is almost dead.
Duvessa hits you but does no damage.
Duvessa hits you with a +0 vampiric short sword!
* * * LOW HITPOINT WARNING * * *
Duvessa draws strength from your wounds!
Dowan hits you but does no damage. Duvessa hits you but does no damage.
Dowan hits you with a +0 dagger.
You die...

*,,,,,,,**#.....,#..,,,,*****,***
*,,,,,,,* #.#...,..#**,,.,,,,,**>
*,,,,,,,* #....##..##*,.#***,,,,,
,,,,.._,* *#....#...#*...***,****
*#..#...* ##........#..#,*,,,**,,
#...#...*##....#......##.,,****,*
...*#?P.##...............*** *,*
..###.P........#.........* *,*
...#..P........#@..#####.* **,*
......P........#ee.# *,** **,,*
...............#...# *,,***,,**
...............#...# *,,,,,,***
......#........#...# *,****** *
......#........#...# *,** *
......#....######.##****,,***** *
.....)#....# *$.*,,,,,,,,,,* *
.........(## *#.*,,,,,,,,,,* *


You could see Duvessa (fast) and Dowan.

Vanquished Creatures
  2 kobold brigands (Sewer)
  A scorpion (D:3)
  An orc priest (D:3)
  8 adders
  4 river rats
  A white imp (D:3)
  2 worms
  A dart slug (D:1)
  5 orcs
  5 ball pythons
  9 endoplasms
  6 giant cockroaches
  3 goblins
  3 hobgoblins
  9 jackals
  17 kobolds
  2 quokkas
  6 bats
  5 frilled lizards
  23 rats
113 creatures vanquished.

Vanquished Creatures (collateral kills)
  A ball python (Sewer)
  A frilled lizard (Sewer)
  9 rats (Sewer)
11 creatures vanquished.

Vanquished Creatures (others)
  An adder zombie (Sewer)
1 creature vanquished.

Grand Total: 125 creatures vanquished

Notes
Turn   | Place    | Note
-------+----------+-------------------------------------------
     0 | D:1      | warriortoast the Barachi Fighter began the quest for the
                  | Orb.
     0 | D:1      | Reached XP level 1. HP: 18/18 MP: 1/1
   129 | D:1      | Reached XP level 2. HP: 14/25 MP: 2/2
   186 | D:1      | Reached skill level 4 in Fighting
   304 | D:1      | Reached XP level 3. HP: 29/31 MP: 3/3
   847 | D:2      | Reached XP level 4. HP: 38/38 MP: 4/4
   959 | D:2      | Reached skill level 5 in Fighting
  1566 | D:3      | Found a glowing silver altar of Zin.
  1694 | D:3      | Noticed a scorpion
  1702 | D:3      | Killed a scorpion
  1703 | D:3      | Reached XP level 5. HP: 46/46 MP: 5/5
  1844 | D:3      | Reached skill level 6 in Fighting
  2153 | D:4      | Reached XP level 6. HP: 48/52 MP: 6/6
  2166 | D:4      | Found a glowing drain.
  2173 | D:4      | Reached skill level 5 in Axes
  2178 | Sewer    | Entered a sewer
  3154 | Sewer    | Reached skill level 7 in Fighting
  3154 | Sewer    | Reached XP level 7. HP: 13/60 MP: 7/7
  3554 | D:4      | Found an ancient bone altar of Kikubaaqudgha.
  3561 | D:4      | Noticed Dowan
  3561 | D:4      | Noticed Duvessa
  3569 | D:4      | HP: 2/60 [Duvessa/+0 vampiric short sword (7)]
  3569 | D:4      | Slain by Dowan

Illustrated notes

Levels and vault maps discovered:
D:1:      dpeg_arrival_tiny_a, layout_rooms
D:2:      layout_loops_cross, columned_hall_lemuel
D:3:      layout_basic, nicolae_qazlal_eye_of_the_storm,
          mainiacjoe_overflow_chevrons, uniq_ijyb
D:4:      layout_rooms, mainiacjoe_overflow_boulevard, portal_sewer_entry_e,
          uniq_duvessa

Skill      XL: |  1  2  3  4  5  6 |
---------------+-------------------+-----
Fighting       | 4 5 6 7 |  7.0
Axes           | 3 4 5 |  5.9
Armour         | |  3.6
Shields        | |  3.2

Action                     |  1- 3 |  4- 6 |  7- 9 || total
---------------------------+-------+-------+-------++-------
  Melee: War axe           |   116 |    71 |       ||   187
         Triple sword      |       |   129 |    12 ||   141
  Throw: Dart              |     2 |    10 |       ||    12
Ability: Hop               |       |     2 |       ||     2
    Use: Scroll            |       |     8 |       ||     8
         Potion            |       |     5 |       ||     5
   Stab: Distracted        |       |     1 |       ||     1
 Armour: Scale mail        |    69 |   268 |    19 ||   356
         Skin              |       |     4 |       ||     4
  Dodge: Dodged            |    72 |   267 |    14 ||   353
  Block: Buckler           |    29 |    14 |       ||    43

Table legend: (Time is in decaauts)
 A = Elapsed time spent in this place.
 B = Non-inter-level travel time spent in this place.
 C = Inter-level travel time spent in this place.
 D = Time resting spent in this place.
 E = Time spent auto-exploring this place.
 F = Levels seen in this place.
 G = Mean time per level.
                   A        B        C        D        E       F      G
               +--------+--------+--------+--------+--------+-----+--------+
         Total |   4125 |   4059 |     66 |   1120 |   1737 |   5 |  825.0 |
       Dungeon |   2577 |   2511 |     66 |    440 |   1365 |   4 |  644.2 |
         Sewer |   1548 |   1548 |      0 |    680 |    372 |   1 | 1548.0 |
               +--------+--------+--------+--------+--------+-----+--------+

Top non-repeatable levels by time:
   Sewer: 1548 daAuts
     D:2: 1058 daAuts
     D:1: 647 daAuts
     D:3: 596 daAuts
     D:4: 274 daAuts
